 Dungeon Crawl Stone Soup version 0.23.1 (webtiles) character file.

Game seed: 6547503468850505143

98 Borgoz the Sneak (level 4, -7/35 HPs)
             Began as a Ghoul Enchanter on Mar 3, 2019.
             Blown up by Ijyb (17 damage)
             ... with a wand of disintegration (13)
             ... on level 3 of the Dungeon.
             The game lasted 00:05:18 (2361 turns).

Borgoz the Sneak (Ghoul Enchanter)                  Turns: 2361, Time: 00:05:19

Health: -7/35      AC:  7    Str: 11    XL:     4   Next: 71%
Magic:  1/5        EV: 11    Int: 10    God:
Gold:   150        SH:  0    Dex: 10    Spells: 0/6 levels left

rFire    . . .     SeeInvis .   g - +0 short sword
rCold    + . .     Gourm    .   (no shield)
rNeg     + + +     Faith    .   n - +1 ring mail
rPois    ∞         Spirit   .   (no helmet)
rElec    .         Reflect  .   (no cloak)
rCorr    .         Harm     .   (no gloves)
MR       .....                  c - +0 pair of boots
Stlth    ++........             (no amulet)
HPRegen  0.00/turn              (no ring)
MPRegen  0.09/turn              (no ring)

@: rotting
A: rotting body, claws 1, carnivore, cold resistance 1, negative energy
resistance 3, inhibited regeneration, torment resistance, unbreathing
a: no special abilities


You were on level 3 of the Dungeon.
You were not hungry.

You visited 1 branch of the dungeon, and saw 3 of its levels.

You collected 150 gold pieces.

Inventory:

Hand Weapons
 g - a +0 short sword (weapon)
Armour
 c - a +0 pair of boots (worn)
 n - a +1 ring mail (worn)
Wands
 e - a wand of flame (6)
Scrolls
 f - a scroll of immolation
 k - 3 scrolls of remove curse
 l - 3 scrolls of enchant armour
Comestibles
 a - 4 chunks of flesh
 d - 3 rations


   Skills:
 + Level 1.4 Fighting
 * Level 2.2 Short Blades
 + Level 1.1 Armour
 * Level 2.7 Dodging
 + Level 3.7 Stealth
 - Level 1.7 Spellcasting
 - Level 2.4 Hexes


You couldn't memorise any spells.
You knew the following spells:

 Your Spells              Type           Power        Failure   Level  Hunger
a - Corona                Hex            #......      28%         1    ##.....
b - Ensorcelled Hibernat  Hex/Ice        #.....       56%         2    ###....
c - Confuse               Hex            #.......     63%         3    ####...

Your spell library contained the following spells:

 Spells                   Type           Power        Failure   Level  Hunger
 Confusing Touch          Hex            #.....       28%         1    ##.....
 Tukima's Dance           Hex            #.......     63%         3    ####...
 Dazzling Spray           Conj/Hex       #.....       80%         3    ####...
 Gell's Gravitas          Tloc           #.........   92%         3    ####...
 Petrify                  Tmut/Erth      #.......     100%        4    #####..
 Metabolic Englaciation   Hex/Ice        #.........   100%        5    ######.
 Yara's Violent Unravell  Hex/Tmut       #.........   100%        5    ######.


Dungeon Overview and Level Annotations

Branches:
Dungeon (3/15)

Altars:
Cheibriados
Sif Muna
Xom
Zin

Annotations:
D:3 Ijyb


Innate Abilities, Weirdness & Mutations

Your body is rotting away.
You thrive on raw meat.
You are immune to poison.
You have sharp fingernails.
You are carnivorous and can eat meat at any time.
Your flesh is cold resistant. (rC+)
You are immune to negative energy. (rN+++)
You do not regenerate when monsters are visible.
You are immune to unholy pain and torment.
You can survive without breathing.


Message History

You aren't carrying any potions.
As you read the scroll labeled AVONINAUFA, it crumbles to dust.
You hear a loud clanging noise!
It was a scroll of noise.
You hear a shout!
You hear an angry hiss.
You hear a shout! x9
Ijyb completely misses you.
As you read the scroll labeled PUM YBUMIUT, it crumbles to dust.
It is a scroll of enchant armour.
Your +0 ring mail glows green for a moment.
Ijyb hits you with a +0 club.
* * * LOW HITPOINT WARNING * * *
As you read the scroll labeled GAH IXKUYSYM, it crumbles to dust.
The creatures around you are filled with an inner flame!
It was a scroll of immolation.
Ijyb hits you but does no damage.
As you read the scroll labeled QYOFAWNI UNIRYU, it crumbles to dust.
It is a scroll of amnesia.
Okay, then.
Ijyb barely misses you.
Ijyb zaps a wand.
You are blasted!
You die...

##### .#..#....
##########...# #.......
....?...##...# ##.###..
#......##...# ###.###..
#.....$##...# #..[.....
#......##...###.#......
#.....g##..............
#......##...##...#.#.##
#.....@##............#
#......####.#..#.....#
#......# #.#..#...###
#......####.#......#
#......'...........#
#......######..#.#.#
#......# #......##
######## #####......###
#.............


You could see Ijyb (inner flame).

Vanquished Creatures
  4 adders
  A worm (D:3)
  3 dart slugs
  8 bats
  4 giant cockroaches
  4 goblins
  6 hobgoblins
  4 jackals (D:3)
  2 quokkas (D:3)
  A ball python (D:3)
  A frilled lizard (D:1)
  6 kobolds (D:1)
  7 rats
51 creatures vanquished.

Notes
Turn   | Place    | Note
-------+----------+-------------------------------------------
     0 | D:1      | Borgoz the Ghoul Enchanter began the quest for the Orb.
     0 | D:1      | Reached XP level 1. HP: 14/14 MP: 2/2
    46 | D:1      | Reached skill level 1 in Short Blades
   111 | D:1      | Reached XP level 2. HP: 11/20 MP: 3/3
   789 | D:1      | Reached XP level 3. HP: 15/26 MP: 4/4
  1436 | D:2      | Found a shimmering altar of Xom.
  1508 | D:2      | Reached skill level 1 in Fighting
  1772 | D:2      | Found a glowing silver altar of Zin.
  1772 | D:2      | Found a snail-covered altar of Cheibriados.
  1825 | D:2      | Reached XP level 4. HP: 31/34 MP: 5/5
  1851 | D:3      | Reached skill level 1 in Armour
  2029 | D:3      | Found a deep blue altar of Sif Muna.
  2228 | D:3      | Learned a level 2 spell: Ensorcelled Hibernation
  2232 | D:3      | Learned a level 3 spell: Confuse
  2340 | D:3      | Noticed Ijyb
  2361 | D:3      | Blown up by Ijyb

Skill      XL: |  1  2  3  4 |
---------------+-------------+-----
Short Blades   | 1 2 |  2.2
Dodging        | 2 |  2.7
Fighting       | 1 |  1.4
Armour         | 1 |  1.1
Stealth        | |  3.7
Spellcasting   | |  1.7
Hexes          | |  2.4

Action                   |  1- 3 |  4- 6 || total
-------------------------+-------+-------++-------
Melee: Dagger            |    38 |       ||    38
       Short sword       |    88 |   133 ||   221
 Cast: Corona            |       |     4 ||     4
       Ensorcelled Hiber |       |     2 ||     2
  Use: Scroll            |     3 |     4 ||     7
       Potion            |       |     2 ||     2
 Stab: Sleeping          |     2 |       ||     2
  Eat: Chunk             |    11 |     8 ||    19
Armor: Robe              |    15 |       ||    15
       Ring mail         |     9 |    52 ||    61
Dodge: Dodged            |    78 |    89 ||   167
